 Dungeon Crawl Stone Soup version 0.31.0-12-g77e489cdc1 (webtiles) character file.

Game seed: 12261139425878200768

89 Tauromancer the Sneak (level 4, -14/27 HPs)
             Began as an Octopode Hedge Wizard on Feb 22, 2024.
             Demolished by an ogre
             ... wielding a +0 giant club
              (19 damage)
             ... on level 4 of the Dungeon.
             The game lasted 00:09:58 (2342 turns).

Tauromancer the Sneak (Octopode Hedge Wizard)       Turns: 2342, Time: 00:09:59

Health: -14/27     AC:  1    Str:  9    XL:     4   Next: 55%
Magic:  8/9        EV: 13    Int: 18    God:
Gold:   95         SH:  0    Dex: 11    Spells: 6/9 levels left

rFire   . . .        a - +1 dagger
rCold   . . .        (no shield)
rNeg    . . .        b - +0 hat
rPois   .            (no amulet)
rElec   .            (no ring)
rCorr   .            (no ring)
SInv    .            (no ring)
Will    .....        (no ring)
Stlth   +++          (no ring)
HPRegen 0.24/turn    (no ring)
MPRegen 0.11/turn    (no ring)
                     (no ring)

%: no passive effects
@: no status effects
A: almost no armour, amphibious, 8 rings, camouflage 1, gelatinous body 1,
(nimble swimmer 1), tentacles
a: no special abilities


You were on level 4 of the Dungeon.
You visited 1 branch of the dungeon, and saw 4 of its levels.

You collected 95 gold pieces.

Inventory:

Hand Weapons
 a - a +1 dagger (weapon)
Armour
 b - a +0 hat (worn)
Scrolls
 i - a scroll of identify
Potions
 c - a potion of magic
 e - 2 potions of mutation
 f - a potion of berserk rage
 g - 2 potions of lignification {unknown}
 h - a potion of ambrosia {unknown}


   Skills:
 + Level 2.7 Dodging
 + Level 3.8 Stealth
 + Level 3.4 Spellcasting
 + Level 1.9 Conjurations
 - Level 1.0 Summonings
 + Level 1.9 Translocations


You had 6 spell levels left.
You knew the following spells:

 Your Spells              Type           Power      Damage    Failure   Level
a - Magic Dart            Conj           40%        1d5       7%          1
b - Blink                 Tloc           20%        N/A       11%         2

Your spell library contained the following spells:

 Spells                   Type           Power      Damage    Failure   Level
 Slow                     Hex            12%        N/A       16%         1
 Call Imp                 Summ           12%        N/A       16%         2
 Cigotuvi's Dreadful Rot  Necr/Alch/Air  6%         N/A       24%         2
 Mephitic Cloud           Conj/Alch/Air  5%         N/A       34%         3


Dungeon Overview and Level Annotations

Branches:
Dungeon (4/15)
 Temple: D:4-7

Altars:


Innate Abilities, Weirdness & Mutations

You cannot wear most types of armour.
You are amphibious.
You can wear up to eight rings at the same time.
Your skin changes colour to match your surroundings (Stealth+).
Your rubbery body absorbs attacks. (AC +1, EV +1)
((You are camouflaged when in or above water. (Stealth+)))
You have tentacles for arms and can constrict up to eight enemies at once.


Message History

The helpless bat fails to defend itself.
You puncture the bat!
You kill the bat!
No target in view!
j - a scroll labelled CESIPYRAAP Done exploring.
Done exploring.
As you read the scroll labelled VUMUOXTICO, it crumbles to dust.
You feel strangely unstable.
It was a scroll of teleportation.
As you read the scroll labelled CESIPYRAAP, it crumbles to dust.
It is a scroll of enchant weapon.
Your +0 dagger glows red for a moment.
Done exploring.
Your surroundings suddenly seem different.
There is a stone staircase leading down here.
You climb downwards.
Found a stone staircase leading down.
There is a stone staircase leading up here.
An orc is nearby!
The helpless orc fails to defend itself.
You puncture the orc!
You kill the orc!
An ogre comes into view. It is wielding a +0 giant club.
Found 18 gold pieces.
The ogre shouts!
You see here 18 gold pieces.
You now have 95 gold pieces (gained 18).
Unknown command.
Casting: Magic Dart (safe; 7% risk of failure)
Confirm with . or Enter, or press ? or * to list all spells.
Aiming: Magic Dart (safe; 7% risk of failure)
Press: ? - help, Shift-Dir - straight line, f - ogre
Aim: an ogre, wielding a +0 giant club (100% to hit)
The magic dart hits the ogre but does no damage.
The ogre hits you with a +0 giant club!!
Ouch! That really hurt!
* * * LOW HITPOINT WARNING * * *
The ogre hits you with a +0 giant club!!
Ouch! That really hurt!
You die...

.##...... .........
### #........ ##.#
####.....$..
#..####.).....##
#......<.......#
##......#.....##
#..#O..##.....###
#....@..#........
#..###............
#.....#>......#.....
###..###..##.###....
####...#....# ....
....##...## ..
#..### .... #. ....
# ...#.


You could see an ogre.

Vanquished Creatures
  Jessica (D:2)
  An adder (D:3)
  A dart slug (D:2)
  An orc (D:4)
  8 endoplasms
  4 giant cockroaches
  6 goblins
  3 hobgoblins
  2 jackals (D:1)
  2 quokkas
  5 ball pythons
  5 bats
  6 kobolds
  4 rats
49 creatures vanquished.

Notes
Turn   | Place    | Note
-------+----------+-------------------------------------------
     0 | D:1      | Tauromancer the Octopode Hedge Wizard began the quest for
                  | the Orb.
     0 | D:1      | Reached XP level 1. HP: 11/11 MP: 4/4
   151 | D:1      | Reached XP level 2. HP: 16/17 MP: 6/6
   154 | D:1      | Learned a level 2 spell: Blink
   867 | D:1      | Reached XP level 3. HP: 21/21 MP: 3/7
  1130 | D:2      | Found a faded altar of an unknown god.
  1304 | D:2      | Noticed Jessica
  1374 | D:2      | Killed Jessica
  1375 | D:2      | Reached XP level 4. HP: 27/27 MP: 8/8
  2323 | D:4      | Noticed an ogre
  2342 | D:4      | Demolished by an ogre

Illustrated notes

Levels and vault maps discovered:
D:1:      lightli_arrival_flooded_house, layout_loops_corners
D:2:      layout_rooms, dreamdust_ecumenical_altar_grove, uniq_jessica
D:3:      layout_basic
D:4:      layout_cave_pools, lemuel_round_altar, nicolae_tricolors

Skill      XL: |  1  2 |
---------------+-------+-----
Stealth        | 3 |  3.8
Dodging        | |  2.7
Spellcasting   | |  3.4
Conjurations   | |  1.9
Summonings     | |  1.0
Translocations | |  1.9

Action                     |  1- 3 |  4- 6 || total
---------------------------+-------+-------++-------
  Melee: Dagger            |    34 |    19 ||    53
         Constrict         |     4 |     1 ||     5
         Tentacles         |     3 |     3 ||     6
   Cast: Magic Dart        |    28 |    20 ||    48
    Use: Scroll            |     1 |     5 ||     6
   Stab: Sleeping          |    13 |     5 ||    18
 Armour: Skin              |     9 |     8 ||    17
  Dodge: Dodged            |    16 |     3 ||    19
